 Dungeon Crawl Stone Soup version 0.29.1-12-g30fa7ad0bf (webtiles) character file.

Game seed: 8421089340522086038

3125 FexLirch the Thaumaturge (level 10, 0/60 HPs)
             Began as a Djinni Conjurer on Jan 2, 2023.
             Was an Initiate of Ashenzari.
             Slain by a gnoll sergeant
             ... wielding a +0 halberd
              (14 damage)
             ... in a bailey.
             The game lasted 00:16:05 (8216 turns).

FexLirch the Thaumaturge (Djinni Conjurer)          Turns: 8216, Time: 00:16:06

Health: 0/60       AC:  5    Str: 11    XL:     10   Next: 14%
Gold:   130        EV: 16    Int: 23    God:    Ashenzari [......] SH:  0 Dex: 15

rFire   + + .      SeeInvis .   z - +4 quarterstaff of Megalomania {flame, *Noise Str+5 Dex+2 Stlth+}
rCold   x . .      Faith    .   (shield currently unavailable)
rNeg    . . .      Spirit   .   a - +0 robe
rPois   ∞          Reflect  .   (no helmet)
rElec   .          Harm     .   x - +0 cloak
rCorr   .          Rampage  .   G - +1 pair of gloves
Will    +....                   (boots unavailable)
Stlth   +++.......              k - amulet of regeneration
HPRegen 1.00/turn               h - +4 ring of evasion
MPRegen 0.00/turn               E - ring of wizardry

@: flying
A: sickness immunity, fire resistance 2, cold vulnerability 1, float, innate
caster, HP casting, extra vitality 1
a: Renounce Religion


You were in a bailey.
You worshipped Ashenzari.
Ashenzari was noncommittal.
You visited 1 branch of the dungeon, and saw 7 of its levels.
You also visited: Sewer and Bailey.

You collected 275 gold pieces.
You spent 145 gold pieces at shops.

Inventory:

Hand Weapons
 b - a +0 short sword
 z - the +4 quarterstaff of Megalomania (weapon) {flame, *Noise Str+5 Dex+2 Stlth+}
   (You found it on level 4 of the Dungeon)

   It burns those it strikes, dealing additional fire damage.
   Str:       It affects your strength (+5).
   Dex:       It affects your dexterity (+2).
   *Noise:    It may make noises in combat.
   Stlth:     It makes you more stealthy.
Missiles
 d - 6 poisoned darts
 s - 2 throwing nets
Armour
 a - a +0 robe (worn)
 x - a +0 cloak (worn)
 G - a +1 pair of gloves (worn)
 H - a +0 kite shield
Magical Staves
 I - a staff of air
Jewellery
 h - a +4 ring of evasion (left hand)
 k - an amulet of regeneration (around neck)
 n - an amulet of reflection
 E - a ring of wizardry (right hand)
 L - an amulet of faith
Wands
 q - a wand of charming (9)
 t - a wand of mindburst (9)
 D - a wand of iceblast (7)
Scrolls
 f - 2 scrolls of noise
 g - 4 scrolls of butterflies
 i - 4 scrolls of magic mapping
 r - 2 scrolls of poison {unknown}
 w - a scroll of fear
 y - a scroll of acquirement {unknown}
 A - a scroll of brand weapon {unknown}
 B - a scroll of blinking {unknown}
 C - a scroll of silence
 F - a scroll of torment {unknown}
 J - 3 scrolls of teleportation
 K - a scroll of vulnerability {unknown}
Potions
 c - 5 potions of heal wounds
 e - a potion of haste {unknown}
 j - a potion of brilliance {unknown}
 l - 4 potions of berserk rage
 m - 7 potions of curing
 o - 2 potions of mutation
 p - a potion of lignification {unknown}
 u - a potion of attraction {unknown}
 v - 2 potions of might


   Skills:
 - Level 2.1 Dodging
 - Level 1.5 Stealth
 + Level 11.0 Spellcasting


You had 8 spell levels left.
You knew the following spells:

 Your Spells              Type           Power      Damage    Failure   Level
a - Magic Dart            Conj           100%       1d8       1%          1
b - Searing Ray           Conj           100%       2d8       1%          2
c - Dazzling Flash        Conj/Hex       100%       N/A       1%          3
d - Fulminant Prism       Conj/Hex       29%        3d14      1%          4
e - Iskenderun's Mystic   Conj/Tloc      59%        2d12      1%          4
f - Sandblast             Erth           100%       2d20      1%          1
g - Wereblood             Tmut           59%        N/A       1%          2
h - Call Imp              Summ           59%        N/A       1%          2
i - Flame Wave            Conj/Fire      59%        2d14      1%          4
Your spell library was empty.

Dungeon Overview and Level Annotations

Branches:
Dungeon (7/15)              Sewer (visited)          Bailey (1/1)
 Temple: D:4-7

Altars:
Ashenzari
Xom
Zin

Shops:
D:6 ?

Annotations:
D:3 exclusion: black bear
D:5 3 runed translucent doors, KittyFluff's ghost, novice GrBe


Innate Abilities, Weirdness & Mutations

You are immune to sickness and miasma.
You are immune to poison.
Your flesh is very heat resistant. (rF++)
You are vulnerable to cold. (rC-)
You float through the air rather than walking.
You learn spells naturally, not from books.
Your magical power is your life essence.
You have superior vitality. (+4 MHP)


Message History

Your primal bloodlust has ended.
A gnoll comes into view. It is wielding a +0 trident.
Your Spellcasting skill increases to level 11!
Casting: Sandblast (safe; 1% risk of failure)
Confirm with . or Enter, or press ? or * to list all spells.
Aiming: Sandblast (safe; 1% risk of failure)
Press: ? - help, Shift-Dir - straight line, f - gnoll sergeant
Aim: a gnoll sergeant, wielding a +0 halberd and wearing a +0 plate armour (covering ground quickly, 93% to hit)
The blast of sand hits the gnoll sergeant!
The gnoll sergeant is moderately wounded.
The gnoll sergeant hits you from afar with a +0 halberd!
Casting: Sandblast (safe; 1% risk of failure)
Confirm with . or Enter, or press ? or * to list all spells.
Aiming: Sandblast (safe; 1% risk of failure)
Press: ? - help, Shift-Dir - straight line, f/p - gnoll sergeant
Aim: a gnoll sergeant, wielding a +0 halberd and wearing a +0 plate armour (moderately wounded, covering ground quickly, 93% to hit)
The blast of sand hits the gnoll sergeant!
The gnoll sergeant is almost dead.
The gnoll sergeant hits you from afar with a +0 halberd! x2
* * * LOW HITPOINT WARNING * * *
The gnoll throws a throwing net.
The throwing net closely misses you.
Casting: Sandblast (safe; 1% risk of failure)
Confirm with . or Enter, or press ? or * to list all spells.
Aiming: Sandblast (safe; 1% risk of failure)
Press: ? - help, Shift-Dir - straight line, f/p - gnoll sergeant
Aim: a gnoll sergeant, wielding a +0 halberd and wearing a +0 plate armour (almost dead, covering ground quickly, 93% to hit)
The blast of sand hits the gnoll sergeant but does no damage.
The gnoll sergeant is almost dead.
* * * LOW HITPOINT WARNING * * *
The gnoll sergeant barely misses you.
Casting: Sandblast (safe; 1% risk of failure)
Confirm with . or Enter, or press ? or * to list all spells.
Aiming: Sandblast (safe; 1% risk of failure)
Press: ? - help, Shift-Dir - straight line, f/p - gnoll sergeant
Aim: a gnoll sergeant, wielding a +0 halberd and wearing a +0 plate armour (almost dead, covering ground quickly, 93% to hit)
The blast of sand hits the gnoll sergeant but does no damage.
The gnoll sergeant is almost dead.
* * * LOW HITPOINT WARNING * * *
The gnoll sergeant hits you from afar with a +0 halberd!
You die...

##.....## #..)....#
#..$8)..# ♣≈#
..).... ♣≈# .)g..
♣≈# .g. ♣≈# ##'##
♣≈# #.@.# ♣≈## #...#
♣≈.# #...#
♣≈.######(''######.≈
♣≈.................≈
♣≈≈...............≈≈
♣♣≈≈≈≈≈≈≈...≈≈≈≈≈≈≈♣
♣♣.......).......♣♣
♣♣♣....†).....♣♣♣


You could see a gnoll sergeant (swift) and a gnoll.

Vanquished Creatures
  Joseph (D:7)
  Duvessa (D:6)
  A water moccasin (D:7)
  2 sky beasts
  2 black bears
  2 centaurs
  A kobold brigand (D:7)
  2 phantoms (D:5)
  A bullfrog (D:7)
  3 scorpions
  2 necrophages
  2 gnoll sergeants (Bailey)
  5 wights (D:7)
  Dowan (D:6)
  3 killer bees (D:7)
  A howler monkey (D:6)
  2 jellies (D:4)
  5 hounds
  A gnoll bouda (Bailey)
  5 orc wizards
  2 iguanas
  17 gnolls
  11 adders
  5 river rats (Sewer)
  2 shadow imps
  4 white imps
  2 ufetubi
  4 worms
  4 dart slugs
  8 orcs
  5 endoplasms
  4 giant cockroaches
  8 goblins
  11 hobgoblins
  4 jackals
  2 quokkas
  15 ball pythons
  12 bats
  5 frilled lizards
  12 kobolds
  9 rats
  2 fulminant prisms
191 creatures vanquished.

Vanquished Creatures (collateral kills)
  An endoplasm (D:4)
1 creature vanquished.

Vanquished Creatures (others)
  25 fulminant prisms
  7 plants (Sewer)
32 creatures vanquished.

Grand Total: 224 creatures vanquished

Notes
Turn   | Place    | Note
-------+----------+-------------------------------------------
     0 | D:1      | FexLirch the Djinni Conjurer began the quest for the Orb.
     0 | D:1      | FexLirch set off with the following spells memorised: Magic
                  | Dart, Searing Ray, Dazzling Flash, Fulminant Prism,
                  | Iskenderun's Mystic Blast.
     0 | D:1      | Reached XP level 1. HP: 15/15 MP: 0/0
   344 | D:1      | Reached XP level 2. HP: 19/21 MP: 0/0
   923 | D:1      | Reached XP level 3. HP: 23/25 MP: 0/0
   923 | D:1      | Learned a level 1 spell: Sandblast
  1380 | D:2      | Reached skill level 4 in Spellcasting
  1554 | D:2      | Found a faded altar of an unknown god.
  2711 | D:3      | Reached XP level 4. HP: 29/31 MP: 0/0
  3231 | D:3      | Reached XP level 5. HP: 32/35 MP: 0/0
  3231 | D:3      | Learned a level 2 spell: Wereblood
  3500 | D:3      | Reached skill level 5 in Spellcasting
  3856 | D:3      | Noticed a black bear
  4457 | D:4      | Reached XP level 6. HP: 34/40 MP: 0/0
  4527 | D:4      | Found a glowing drain.
  4739 | Sewer    | Entered a sewer
  5494 | D:4      | Reached skill level 6 in Spellcasting
  5545 | D:4      | Reached XP level 7. HP: 40/45 MP: 0/0
  5545 | D:4      | Learned a level 2 spell: Call Imp
  5772 | D:4      | Identified the +4 quarterstaff of Megalomania {flame,
                  | *Noise Str+5 Dex+2 Stlth+}
  5858 | D:5      | Entered Level 5 of the Dungeon
  5905 | D:5      | Reached skill level 7 in Spellcasting
  6016 | D:5      | Noticed KittyFluff's ghost (novice GrBe)
  6098 | D:5      | Reached XP level 8. HP: 47/50 MP: 0/0
  6256 | D:5      | Found a runed translucent gate.
  6277 | D:5      | Found a runed translucent gate.
  6278 | D:5      | Found a runed translucent gate.
  6500 | D:6      | Reached skill level 8 in Spellcasting
  6507 | D:6      | Found a glowing silver altar of Zin.
  6507 | D:6      | Noticed an angel
  6510 | D:6      | Found a shimmering altar of Xom.
  6765 | D:6      | Noticed Duvessa
  6908 | D:6      | Found Wuset's Magic Scroll Emporium.
  6923 | D:6      | Bought a scroll of enchant armour for 75 gold pieces
  6923 | D:6      | Bought a scroll of teleportation for 30 gold pieces
  6923 | D:6      | Bought a scroll of fear for 40 gold pieces
  7346 | D:6      | Identified the +0 leather armour of Uffad {Dex+4}
  7415 | D:6      | Noticed Dowan
  7421 | D:6      | Killed Dowan
  7428 | D:6      | Killed Duvessa
  7429 | D:6      | Reached XP level 9. HP: 40/55 MP: 0/0
  7429 | D:6      | Learned a level 4 spell: Flame Wave
  7783 | D:7      | Reached skill level 9 in Spellcasting
  8058 | D:7      | Reached skill level 10 in Spellcasting
  8066 | D:7      | Noticed Joseph
  8075 | D:7      | Found a broken altar of Ashenzari.
  8082 | D:7      | Killed Joseph
  8086 | D:7      | Reached XP level 10. HP: 27/60 MP: 0/0
  8128 | D:7      | Became a worshipper of Ashenzari the Shackled
  8146 | D:7      | Found a flagged portal.
  8164 | Bailey   | Entered a bailey
  8213 | Bailey   | Reached skill level 11 in Spellcasting
  8216 | Bailey   | Slain by a gnoll sergeant

Illustrated notes

Levels and vault maps discovered:
D:1:      onia_arrival_mini_spirals, layout_rooms, minmay_pentomino_v4
D:2:      layout_basic, shapermc_ecumenical_altar_mp_highgroup,
          minmay_box_of_dots
D:3:      minmay_razor_zed, layout_loops_ring
D:4:      layout_gridville, nicolae_overflow_hidden_temple,
          cheibrodos_sewer_entry_drain
D:5:      layout_rooms, gammafunk_ghost_icy
D:6:      layout_basic, grunt_temple_overflow_order_and_chaos_1, serial_shops,
          nicolae_shop_stone, uniq_duvessa
D:7:      layout_basic, mainiacjoe_overflow_six_doors_small, temple_green,
          enter_bailey_7, uniq_joseph
Bailey:   bailey_polearm_gnolls_kennysheep, bailey

Skill      XL: |  1  2  3  4  5  6  7  8  9 10 |
---------------+-------------------------------+-----
Spellcasting   | 4 5 6 7 8 10 11 | 11.0
Dodging        | |  2.1
Stealth        | |  1.5

Action                   |  1- 3 |  4- 6 |  7- 9 | 10-12 || total
-------------------------+-------+-------+-------+-------++-------
Melee: Quarterstaff      |       |       |     6 |       ||     6
 Cast: Magic Dart        |    84 |    76 |    25 |     5 ||   190
       Searing Ray       |       |     5 |       |       ||     5
       Sandblast         |       |    51 |    61 |    11 ||   123
       Wereblood         |       |     2 |    10 |     1 ||    13
       Iskenderun's Myst |       |     1 |     3 |     1 ||     5
       Fulminant Prism   |       |       |    22 |     5 ||    27
       Call Imp          |       |       |     2 |       ||     2
  Use: Scroll            |       |     3 |     9 |       ||    12
Armor: Robe              |       |     8 |     2 |       ||    10
Dodge: Dodged            |     6 |    27 |    25 |     6 ||    64
